 Dungeon Crawl Stone Soup version 0.31-a0-848-gaac375c287 (webtiles) character file.

Game seed: 3624886571110327055

8346 GilGalad the Nimble (level 10, -1/75 HPs)
             Began as a Djinni Fire Elementalist on Oct 5, 2023.
             Was an Elder of Ru.
             Slain by a red devil
             ... wielding a +0 trident
             ... summoned by a kobold demonologist
              (12 damage)
             ... on level 9 of the Dungeon.
             The game lasted 00:43:56 (11312 turns).

GilGalad the Nimble (Djinni Fire Elementalist)     Turns: 11312, Time: 00:43:56

Health: -1/75      AC:  6    Str:  9      XL:     10   Next: 54%
Gold:   664        EV: 24    Int: 20      God:    Ru [****..] SH:  0 Dex: 17 (19)

rFire   + + +        p - +11 short sword of the Queen {freeze, *Noise Will+ Str+2 SInv}
rCold   x . .        (no shield)
rNeg    . . .        K - +1 robe of Evolution {rF+ Dex+4}
rPois   ∞            A - +2 helmet
rElec   .            (no cloak)
rCorr   .            (no gloves)
SInv    +            (boots unavailable)
Will    +....        j - amulet of the acrobat
Stlth   ++           C - +5 ring of evasion
HPRegen 0.32/turn    G - ring of protection from fire
MPRegen 0.00/turn

%: acrobat, infuse magic (-2 HP)
@: spiked, flying, hasted, very quick
A: sickness immunity, fire resistance 2, cold vulnerability 1, weak-willed 1,
inexperienced 1, float, innate caster, HP casting, extra vitality 1, no forms
a: Renounce Religion, Draw Out Power, Power Leap


You were on level 9 of the Dungeon.
You worshipped Ru.
Ru was greatly pleased with you.
You visited 2 branches of the dungeon, and saw 11 of its levels.
You also visited: Sewer and Ossuary.

You collected 664 gold pieces.

Inventory:

Hand Weapons
 d - a +0 hand axe of flaming
 i - a +7 club
 p - the +11 short sword of the Queen (weapon) {freeze, *Noise Will+ Str+2 SInv}
   (You found it on level 3 of the Dungeon)

   Str+2:     It affects your strength (+2).
   Will+:     It increases your willpower.
   SInv:      It lets you see invisible.
   *Noise:    It may make a loud noise when swung.
 x - a +1 dagger of protection
 z - a +0 short sword
Missiles
 r - a throwing net
 s - 5 darts of dispersal
 y - 38 poisoned darts
Armour
 a - a +0 robe
 A - a +2 helmet (worn)
 K - the +1 robe of Evolution (worn) {rF+ Dex+4}
   (You found it on level 9 of the Dungeon)

   Dex+4:     It affects your dexterity (+4).
   rF+:       It protects you from fire.
 L - a +1 troll leather armour
Jewellery
 j - an amulet of the acrobat (around neck)
 C - a +5 ring of evasion (left hand)
 G - a ring of protection from fire (right hand)
Wands
 v - a wand of flame (14)
 F - a wand of roots (8)
 I - a wand of digging (10)
Scrolls
 c - a scroll of blinking {unknown}
 e - a scroll of immolation {unknown}
 g - 2 scrolls of silence {unknown}
 l - 4 scrolls of enchant weapon
 n - 3 scrolls of noise
 o - 2 scrolls of fear {unknown}
 B - 2 scrolls of revelation {unknown}
 E - a scroll of torment {unknown}
 J - 2 scrolls of identify
 M - a scroll of amnesia {unknown}
Potions
 b - a potion of enlightenment {unknown}
 f - 3 potions of curing
 h - a potion of magic {unknown}
 k - 2 potions of might
 m - 2 potions of degeneration
 q - 2 potions of berserk rage {unknown}
 t - 3 potions of haste
 u - a potion of cancellation {unknown}
 w - 2 potions of heal wounds
 D - 4 potions of attraction
 H - a potion of ambrosia {unknown}


   Skills:
 - Level 7.2 Fighting
 + Level 6.1 Short Blades
 + Level 11.6 Dodging
 - Level 2.9 Stealth
 + Level 7.4 Spellcasting
 + Level 7.4 Conjurations
 + Level 7.4 Hexes
   Level 0.0 Charms
 + Level 7.4 Summonings
 + Level 7.4 Necromancy
 + Level 7.4 Translocations
 + Level 7.4 Transmutations
 + Level 7.4 Fire Magic
 + Level 7.4 Ice Magic
 + Level 7.4 Air Magic
 + Level 7.4 Earth Magic
 + Level 7.4 Poison Magic


You knew the following spells:

 Your Spells              Type           Power      Damage    Failure   Level
a - Foxfire               Conj/Fire      100%       2x1d9     1%          1
b - Scorch                Fire           74%        2d8       1%          2
c - Volatile Blastmotes   Fire/Tloc      74%        2d16      1%          3
d - Inner Flame           Hex/Fire       37%        N/A       1%          3
e - Flame Wave            Conj/Fire      37%        2d10      4%          4
f - Shock                 Conj/Air       100%       1d9       1%          1
g - Passwall              Tmut/Erth      30%        N/A       1%          2
h - Momentum Strike       Conj/Tloc      74%        3d10      1%          2
i - Iskenderun's Mystic   Conj/Tloc      37%        2d9       4%          4
Your spell library was empty.

Dungeon Overview and Level Annotations

Branches:
Dungeon (10/15)            Temple (1/1) D:4            Lair (0/5) D:9
    Orc (0/2) D:9           Sewer (visited)         Ossuary (visited)

Altars:
Ashenzari
Cheibriados
Dithmenos
Elyvilon
Fedhas
Gozag
Makhleb
Nemelex Xobeh
Okawaru
Qazlal
Ru
Trog
Uskayaw
Wu Jian
Xom
Yredelemnul
Zin
The Shining One

Shops:
D:6 !   D:8 [


Innate Abilities, Weirdness & Mutations

You are immune to sickness and miasma.
You are immune to poison.
Your flesh is very heat resistant. (rF++)
You are vulnerable to cold. (rC-)
You are slightly weak-willed. (Will-)
You are somewhat inexperienced. (-1 XL)
You float through the air rather than walking.
You learn spells naturally, not from books.
Your magical power is your life essence.
You have superior vitality. (+4 MHP)
You cannot voluntarily change form.


Message History

The barbed spikes dig painfully into your body as you move.
The foxfire hits the red devil.
The red devil completely resists.
You are too injured to fight recklessly!
You are too injured to fight recklessly!
Casting: Foxfire (safe; 1% risk of failure)
Confirm with . or Enter, or press ? or * to list all spells.
You conjure some foxfire!
The foxfire hits the red devil but does no damage.
Casting: Foxfire (safe; 1% risk of failure)
Confirm with . or Enter, or press ? or * to list all spells.
Aiming: Shock (safe; 1% risk of failure)
Press: ? - help, Shift-Dir - straight line The zap hits the red devil but does no damage.
The zap misses the red devil.
The foxfire hits the red devil but does no damage.
The red devil hits you from afar with a +0 trident!!
* * * LOW HITPOINT WARNING * * *
Barbed spikes become lodged in your body.
Casting: Shock (safe; 1% risk of failure)
Confirm with . or Enter, or press ? or * to list all spells.
Okay, then.
Okay, then.
The barbed spikes dig painfully into your body as you move.
* * * LOW HITPOINT WARNING * * *
The foxfire hits the red devil.
The red devil completely resists.
The red devil attacks as it pursues you!
The red devil completely misses you.
Okay, then.
You feel better. The red devil misses you.
You feel yourself speed up. The red devil misses you.
Casting: Shock (safe; 1% risk of failure)
Confirm with . or Enter, or press ? or * to list all spells.
Aiming: Inner Flame (safe; 1% risk of failure)
Press: ? - help, Dir - move target, f - red devil
Aim: a red devil, wielding a +0 trident (summoned, chance to affect: 61%)
The red devil is filled with an inner flame.
* * * LOW HITPOINT WARNING * * *
The kobold demonologist miscasts a cantrip.
The red devil hits you from afar with a +0 trident!
You die...

####### ####.....#
##.##.###.######
#..@....#.##...##
#...........###.####
#K4##.....#.# #.....
#)K###.####.###..#.#
#)#. #.# ##>....#.#
#. 5##.# #.#.....#
#. K##.#####.#...###
#. ..............###
#. .........##......


You could see a kobold demonologist, a red devil (summoned, inner flame) and a
kobold.

Vanquished Creatures
  Jeremiah (D:6)
  A rime drake (D:9)
  A kobold demonologist (D:9)
  A troll (D:10)
  2 hornets (D:9)
  Sigmund (D:6)
  2 wyverns (D:9)
  19 yaks
  An acid dragon (D:8)
  4 water moccasins
  5 ice beasts
  3 wolves (D:9)
  An ogre (D:6)
  2 centaurs (D:8)
  2 phantoms
  6 kobold brigands
  2 elf zombies (Ossuary)
  2 gnoll sergeants
  3 bullfrogs
  A howler monkey (D:9)
  4 jellies
  3 hounds
  A human zombie (Ossuary)
  3 orc priests
  3 sleepcaps
  A gnoll bouda (D:8)
  Jessica (D:2)
  An iguana (D:7)
  8 orc wizards
  The ghost of senf the Sneak, a weakling KoDe (D:5)
  2 hound zombies (Ossuary)
  3 mummies (Ossuary)
  Robin (D:2)
  24 gnolls
  8 adders
  A white imp (D:6)
  An ufetubus (D:6)
  5 adder zombies (Ossuary)
  7 worms
  3 dart slugs
  18 orcs
  5 bats
  9 endoplasms
  8 giant cockroaches
  2 gnoll zombies (Ossuary)
  11 goblins
  15 hobgoblins
  4 jackals
  12 kobolds
  5 quokkas
  8 ball pythons
  A frilled lizard (D:1)
  2 goblin zombies (Ossuary)
  6 hobgoblin zombies (Ossuary)
  6 jackal zombies (Ossuary)
  2 kobold zombies (Ossuary)
  4 orc zombies (Ossuary)
  A quokka zombie (Ossuary)
  12 rats
  A rat zombie (Ossuary)
273 creatures vanquished.

Vanquished Creatures (collateral kills)
  A foxfire (D:8)
1 creature vanquished.

Vanquished Creatures (others)
  An elf zombie (Ossuary)
  1460 foxfires
1461 creatures vanquished.

Grand Total: 1735 creatures vanquished

Notes
Turn   | Place    | Note
-------+----------+-------------------------------------------
     0 | D:1      | GilGalad the Djinni Fire Elementalist began the quest for
                  | the Orb.
     0 | D:1      | GilGalad set off with the following spells memorised:
                  | Foxfire, Scorch, Volatile Blastmotes, Inner Flame, Flame
                  | Wave.
     0 | D:1      | Reached XP level 1. HP: 15/15 MP: 0/0
   220 | D:1      | Reached XP level 2. HP: 14/21 MP: 0/0
   503 | D:1      | Reached XP level 3. HP: 16/25 MP: 0/0
   503 | D:1      | Learned a level 1 spell: Shock
  1163 | D:2      | Found a faded altar of an unknown god.
  1184 | D:2      | Reached skill level 3 in Dodging
  1184 | D:2      | Reached XP level 4. HP: 22/31 MP: 0/0
  1295 | D:2      | Noticed Jessica
  1299 | D:2      | Killed Jessica
  1300 | D:2      | Reached XP level 5. HP: 32/35 MP: 0/0
  1300 | D:2      | Learned a level 2 spell: Passwall
  1555 | D:2      | Noticed Robin
  1560 | D:2      | Killed Robin
  1931 | D:3      | Reached skill level 4 in Dodging
  1968 | D:3      | Identified the +11 short sword of the Queen {freeze, *Noise
                  | Will+ Str+2 SInv}
  2441 | D:4      | Found a staircase to the Ecumenical Temple.
  2450 | Temple   | Entered the Ecumenical Temple
  2487 | Temple   | Became a worshipper of Ru the Awakened
  2569 | D:4      | Reached skill level 1 in Fighting
  2570 | D:4      | Reached XP level 6. HP: 33/42 MP: 0/0
  2744 | D:4      | Found a glowing drain.
  2755 | Sewer    | Entered a sewer
  3288 | Sewer    | Reached XP level 7. HP: 47/49 MP: 0/0
  3288 | Sewer    | Learned a level 2 spell: Momentum Strike
  3367 | Sewer    | Reached skill level 5 in Dodging
  4074 | D:4      | Gained mutation: You are somewhat inexperienced. (-1 XL)
                  | [Ru sacrifice]
  4074 | D:4      | Reached XP level 6. HP: 46/46 MP: 0/0
  4074 | D:4      | Reached * piety under Ru
  4074 | D:4      | Reached ** piety under Ru
  4336 | D:5      | Entered Level 5 of the Dungeon
  4382 | D:5      | Reached XP level 7. HP: 48/51 MP: 0/0
  4588 | D:5      | Found a sand-covered staircase.
  4597 | Ossuary  | Entered an ossuary
  4649 | Ossuary  | Reached skill level 6 in Dodging
  5466 | D:5      | Found a runed translucent door.
  5475 | D:5      | Noticed senf's ghost (weakling KoDe)
  5803 | D:5      | Killed senf's ghost
  5886 | D:6      | Reached skill level 5 in Fighting
  5931 | D:6      | Reached skill level 7 in Dodging
  5957 | D:6      | Reached skill level 5 in Spellcasting
  5957 | D:6      | Reached skill level 5 in Conjurations
  5957 | D:6      | Reached skill level 5 in Hexes
  5957 | D:6      | Reached skill level 5 in Summonings
  5957 | D:6      | Reached skill level 5 in Necromancy
  5957 | D:6      | Reached skill level 5 in Translocations
  5957 | D:6      | Reached skill level 5 in Transmutations
  5957 | D:6      | Reached skill level 5 in Fire Magic
  5957 | D:6      | Reached skill level 5 in Ice Magic
  5957 | D:6      | Reached skill level 5 in Air Magic
  5957 | D:6      | Reached skill level 5 in Earth Magic
  5957 | D:6      | Reached skill level 5 in Poison Magic
  5957 | D:6      | Reached XP level 8. HP: 51/59 MP: 0/0
  5968 | D:6      | Noticed Sigmund
  5975 | D:6      | Killed Sigmund
  6230 | D:6      | Found Xiyrchoji's Distillery.
  6371 | D:6      | Reached skill level 8 in Dodging
  6463 | D:6      | Noticed Jeremiah
  6639 | D:6      | Killed Jeremiah
  6825 | D:6      | Gained mutation: You cannot voluntarily change form. [Ru
                  | sacrifice]
  7043 | D:7      | Found a burning altar of Makhleb.
  7043 | D:7      | Found a snail-covered altar of Cheibriados.
  7043 | D:7      | Found an opulent altar of Gozag.
  7050 | D:7      | Found a white marble altar of Elyvilon.
  7052 | D:7      | Found a glowing golden altar of the Shining One.
  7053 | D:7      | Found a shimmering altar of Xom.
  7055 | D:7      | Found a stormy altar of Qazlal.
  7059 | D:7      | Found a broken altar of Ashenzari.
  7060 | D:7      | Found a bloodstained altar of Trog.
  7454 | D:7      | Reached XP level 9. HP: 66/68 MP: 0/0
  7454 | D:7      | Learned a level 4 spell: Iskenderun's Mystic Blast
  7560 | D:8      | Reached skill level 9 in Dodging
  7563 | D:8      | Reached skill level 1 in Short Blades
  7628 | D:8      | Found Yjaosch's Antique Armour Shop.
  8759 | D:9      | Found a staircase to the Orcish Mines.
  8868 | D:9      | Found a sparkling altar of Nemelex Xobeh.
  8877 | D:9      | Identified the +1 robe of Evolution {rF+ Dex+4}
  8935 | D:9      | Reached skill level 10 in Dodging
  9057 | D:9      | Noticed a rime drake
  9062 | D:10     | Entered Level 10 of the Dungeon
  9384 | D:9      | Found a staircase to the Lair.
  9409 | D:9      | Reached XP level 10. HP: 74/75 MP: 0/0
  9489 | D:9      | HP: 2/75 [rime drake/icy flash freeze (38)]
  9571 | D:8      | Reached skill level 5 in Short Blades
  9603 | D:8      | Gained mutation: You are slightly weak-willed. (Will-) [Ru
                  | sacrifice]
  9603 | D:8      | Reached *** piety under Ru
  9603 | D:8      | Reached **** piety under Ru
  9834 | D:8      | Reached skill level 11 in Dodging
  9947 | D:8      | Found Yjaosch's Antique Armour Shop.
 11309 | D:9      | HP: 3/75 [barbs]
 11312 | D:9      | Slain by a red devil

Illustrated notes

Levels and vault maps discovered:
D:1:      heliophobic_arrival_glass_houses, layout_basic
D:2:      layout_loops_cross, hellmonk_ecumenical_altar_heavens_door,
          uniq_jessica, uniq_robin
D:3:      layout_rooms
D:4:      layout_loops_ring, temple_pool_b, cheibrodos_sewer_entry_bend
D:5:      layout_cave_pools, nicolae_ossuary_entry_monument,
          ebering_ghost_sewer_d
D:6:      layout_rooms, serial_shops, shop, minmay_starry_boxes, uniq_jeremiah,
          uniq_sigmund
D:7:      layout_basic, nicolae_overflow_hallway_of_the_gods
D:8:      layout_loops_cross, serial_shops, shop, chequers_avenue
D:9:      layout_loops_cross, nemelex_diamond_rough_becter,
          hellmonk_lair_entry_icy
D:10:     layout_small_grid, beargit_hepliaklqana_dungeon_heroes,
          nicolae_shop_unique_rings, kennysheep_dice
Temple:   nicolae_temple_bog_church

Skill      XL: |  1  2  3  4  5  6  7  8  9 10 |
---------------+-------------------------------+-----
Spellcasting   | 5 6 7 |  7.4
Conjurations   | 5 6 7 |  7.4
Hexes          | 5 6 7 |  7.4
Summonings     | 5 6 7 |  7.4
Necromancy     | 5 6 7 |  7.4
Translocations | 5 6 7 |  7.4
Transmutations | 5 6 7 |  7.4
Fire Magic     | 5 6 7 |  7.4
Ice Magic      | 5 6 7 |  7.4
Air Magic      | 5 6 7 |  7.4
Earth Magic    | 5 6 7 |  7.4
Poison Magic   | 5 6 7 |  7.4
Stealth        | 2 |  2.9
Dodging        | 3 4 7 8 10 11 | 11.6
Fighting       | 1 2 5 7 |  7.2
Short Blades   | 4 6 |  6.1

Action                     |  1- 3 |  4- 6 |  7- 9 | 10-12 || total
---------------------------+-------+-------+-------+-------++-------
  Melee: Unarmed           |     1 |       |       |       ||     1
         Hand axe          |    15 |       |       |       ||    15
         Club              |       |     5 |       |       ||     5
         Short sword       |       |       |     2 |    11 ||    13
   Cast: Foxfire           |    59 |   179 |   500 |   150 ||   888
         Shock             |     5 |     9 |   100 |    20 ||   134
         Volatile Blastmot |       |       |     1 |       ||     1
         Iskenderun's Myst |       |       |       |     5 ||     5
         Passwall          |       |       |       |     1 ||     1
         Inner Flame       |       |       |       |     1 ||     1
         Momentum Strike   |       |       |       |     1 ||     1
 Invoke: Sacrifice Experie |       |     1 |       |       ||     1
         Sacrifice Forms   |       |       |     1 |       ||     1
         Sacrifice Essence |       |       |       |     1 ||     1
    Use: Scroll            |       |       |    13 |     2 ||    15
         Potion            |       |       |       |     3 ||     3
 Armour: Robe              |    19 |     7 |    63 |    34 ||   123
         Troll leather arm |       |       |    10 |    29 ||    39
  Dodge: Dodged            |    29 |    16 |   161 |   168 ||   374

Table legend: (Time is in decaauts)
 A = Elapsed time spent in this place.
 B = Non-inter-level travel time spent in this place.
 C = Inter-level travel time spent in this place.
 D = Time resting spent in this place.
 E = Time spent auto-exploring this place.
 F = Levels seen in this place.
 G = Mean time per level.
                   A        B        C        D        E       F      G
               +--------+--------+--------+--------+--------+-----+--------+
         Total |  11333 |  10843 |    490 |    125 |   8208 |  13 |  871.8 |
       Dungeon |   9538 |   9066 |    472 |    125 |   7017 |  10 |  953.8 |
        Temple |     56 |     38 |     18 |      0 |      0 |   1 |   56.0 |
         Sewer |    921 |    921 |      0 |      0 |    590 |   1 |  921.0 |
       Ossuary |    815 |    815 |      0 |      0 |    601 |   1 |  815.0 |
               +--------+--------+--------+--------+--------+-----+--------+

Top non-repeatable levels by time:
     D:8: 2510 daAuts
     D:6: 1039 daAuts
     D:2: 1025 daAuts
     D:1: 931 daAuts
   Sewer: 921 daAuts
     D:9: 853 daAuts
     D:4: 847 daAuts
 Ossuary: 815 daAuts
     D:5: 755 daAuts
     D:7: 698 daAuts
     D:3: 558 daAuts
    D:10: 319 daAuts
  Temple: 56 daAuts
